 Dungeon Crawl Stone Soup version 0.21.1-68-g103a7afc0a (webtiles) character file.

1738 IceCat the Basher (level 9, -12/53 HPs)
             Began as a Gargoyle Fighter on Aug 2, 2018.
             Mangled by a two-headed ogre
             ... wielding a +0 giant club
              (14 damage)
             ... on level 6 of the Dungeon.
             The game lasted 00:17:08 (5044 turns).

IceCat the Basher (Gargoyle Fighter)                Turns: 5044, Time: 00:17:09

Health: -12/53     AC: 17    Str: 23    XL:     9   Next: 5%
Magic:  9/9        EV:  6    Int:  9    God:
Gold:   239        SH: 10    Dex:  9    Spells: 8/8 levels left

rFire    . . .     SeeInvis .   z - +2 whip (elec)
rCold    . . .     Gourm    .   c - +0 shield
rNeg     + . .     Faith    .   H - +0 chain mail
rPois    ∞         Spirit   .   n - +0 hat
rElec    +         Reflect  .   (no cloak)
rCorr    .         Harm     .   (no gloves)
MR       .....                  m - +0 pair of boots
Stlth    ..........             (no amulet)
HPRegen  0.17/turn              l - +2 ring of slaying
MPRegen  0.11/turn              (no ring)

@: about to teleport
A: negative energy resistance 1, electricity resistance, unbreathing,
petrification resistance, rot immunity, AC +6
a: no special abilities


You were on level 6 of the Dungeon.
You were not hungry.

You visited 1 branch of the dungeon, and saw 6 of its levels.

You collected 239 gold pieces.

Inventory:

Hand Weapons
 a - a +0 flail
 s - a +1 vampiric whip
 z - a +2 whip of electrocution (weapon)
Armour
 b - a +0 scale mail
 c - a +0 shield (worn)
 m - a +0 pair of boots (worn)
 n - a +0 hat (worn)
 H - a +0 chain mail (worn)
Jewellery
 l - a +2 ring of slaying (left hand)
Wands
 g - a wand of scattershot (5)
Scrolls
 h - 2 scrolls of noise {unknown}
 i - 2 scrolls of immolation {unknown}
 k - a scroll of magic mapping
 p - 3 scrolls of remove curse
 t - a scroll of fog
 v - 2 scrolls of enchant armour {unknown}
 y - a scroll of identify
 A - a scroll of fear {unknown}
 B - a scroll of amnesia {unknown}
 C - 2 scrolls of teleportation
 D - a scroll of enchant weapon {unknown}
 E - a scroll of random uselessness {unknown}
Potions
 d - 2 potions of might
 e - a potion of agility
 j - 2 potions of curing {unknown}
 o - 2 potions of flight {unknown}
 q - a potion of resistance {unknown}
 r - a potion of cancellation {unknown}
 u - 3 potions of heal wounds
 w - 2 potions of brilliance
 x - 2 potions of haste {unknown}
 G - 2 potions of degeneration {unknown}
Books
 F - a book of Maledictions

   Spells                             Type                      Level
   a - Corona                         Hexes                        1
   b - Ensorcelled Hibernation        Hexes/Ice                    2
   c - Confuse                        Hexes                        3
   d - Tukima's Dance                 Hexes                        3
   e - Dazzling Spray                 Conjuration/Hexes            3
Comestibles
 f - 9 rations


   Skills:
 + Level 4.9 Fighting
 * Level 9.1 Maces & Flails
 + Level 5.5 Armour
 - Level 0.2 Dodging
 + Level 6.0 Shields


You had 8 spell levels left.
You didn't know any spells.

Dungeon Overview and Level Annotations

Branches:
Dungeon (6/15)
 Temple: D:4-7

Altars:
Sif Muna

Shops:
D:6 *


Innate Abilities, Weirdness & Mutations

You are resistant to torment.
Your stone body is resilient. (AC +6)
You are immune to poison.
You resist negative energy. (rN+)
You are resistant to electric shocks. (rElec)
You can survive without breathing.
You are immune to petrification.
You are immune to rotting.


Message History

Found 10 gold pieces.
The hound bites you but does no damage. The hound barely misses you.
The hound bites you but does no damage.
You miss the hound. You block the hound's attack.
You hit the hound.
The hound is moderately wounded.
The hound bites you but does no damage.
You closely miss the hound.
The hound is moderately wounded.
You see here 10 gold pieces.
The hound pauses to sniff the ground.
The hound pauses to sniff the ground.
Found 16 arrows.
As you read the scroll labeled SOISYD BOROJE, it crumbles to dust.
You feel strangely unstable.
It was a scroll of teleportation.
The two-headed ogre hits you with a giant club!
* * * LOW HITPOINT WARNING * * *
The two-headed ogre hits you with a giant club!
You die...

##.###########
...(...@Oh...#
############.#
#.# #h# #.#
#.# #.# #.#
#.#


You could see a two-headed ogre and a hound.

Vanquished Creatures
  Pikel (D:4)
  The ghost of Anaz the Cudgeler, an amateur HuSk (D:3)
  Menkaure (D:4)
  A water moccasin (D:5)
  An ice beast (D:5)
  An ogre (D:4)
  A big kobold (D:5)
  A water moccasin skeleton (D:6)
  2 hounds
  2 orc priests (D:5)
  3 orc wizards
  6 iguanas
  3 worker ants
  4 gnolls (D:3)
  A howler monkey skeleton (D:5)
  6 adders
  A shadow imp (D:5)
  An adder skeleton (D:4)
  3 worms
  A dart slug (D:2)
  5 leopard geckos
  14 orcs
  2 ball pythons
  5 giant cockroaches
  7 goblins
  10 hobgoblins
  8 jackals
  9 bats
  2 frilled lizards
  10 kobolds
  A quokka skeleton (D:4)
  11 rats
125 creatures vanquished.

Vanquished Creatures (others)
  A slave (D:4)
  A scorpion (D:4)
2 creatures vanquished.

Grand Total: 127 creatures vanquished

Notes
Turn   | Place    | Note
-------+----------+-------------------------------------------
     0 | D:1      | IceCat the Gargoyle Fighter began the quest for the Orb.
     0 | D:1      | Reached XP level 1. HP: 14/14 MP: 1/1
   372 | D:1      | Reached XP level 2. HP: 19/19 MP: 2/2
   733 | D:1      | Reached XP level 3. HP: 21/23 MP: 3/3
  1191 | D:2      | Found a deep blue altar of Sif Muna.
  1424 | D:2      | Reached XP level 4. HP: 29/29 MP: 4/4
  1582 | D:2      | Reached skill level 3 in Maces & Flails
  2065 | D:3      | Reached XP level 5. HP: 33/33 MP: 5/5
  2124 | D:3      | Reached skill level 4 in Maces & Flails
  2394 | D:3      | Noticed Anaz's ghost (amateur HuSk)
  2424 | D:3      | Killed Anaz's ghost
  2424 | D:3      | Reached skill level 5 in Maces & Flails
  2424 | D:3      | Reached XP level 6. HP: 26/38 MP: 6/6
  2919 | D:4      | Reached XP level 7. HP: 41/43 MP: 7/7
  2941 | D:4      | Noticed Menkaure
  2960 | D:4      | Killed Menkaure
  2960 | D:4      | Reached skill level 6 in Maces & Flails
  3030 | D:4      | Noticed Pikel
  3058 | D:4      | Killed Pikel
  3058 | D:4      | Reached skill level 7 in Maces & Flails
  3058 | D:4      | Reached skill level 5 in Shields
  3058 | D:4      | Reached XP level 8. HP: 41/48 MP: 8/8
  3728 | D:5      | Entered Level 5 of the Dungeon
  3790 | D:5      | Reached skill level 8 in Maces & Flails
  3790 | D:5      | Reached skill level 5 in Armour
  4635 | D:6      | Found Luatiq's Elemental Accessories.
  4642 | D:6      | Reached skill level 9 in Maces & Flails
  4642 | D:6      | Reached XP level 9. HP: 53/53 MP: 9/9
  4979 | D:6      | Noticed a two-headed ogre
  5044 | D:6      | HP: 2/53 [two-headed ogre/giant club (14)]
  5044 | D:6      | Mangled by a two-headed ogre

Skill      XL: |  1  2  3  4  5  6  7  8  9 |
---------------+----------------------------+-----
Maces & Flails | 3 5 7 9 |  9.1
Shields        | 4 5 6 |  6.0
Armour         | 4 5 |  5.5
Fighting       | 4 |  4.9
Dodging        | |  0.2

Action                   |  1- 3 |  4- 6 |  7- 9 || total
-------------------------+-------+-------+-------++-------
Melee: Flail             |   190 |   186 |    34 ||   410
       Whip              |       |       |   151 ||   151
  Use: Scroll            |       |       |     5 ||     5
       Potion            |       |       |     2 ||     2
  Eat: Chunk             |     2 |     5 |     7 ||    14
Armor: Scale mail        |   126 |    92 |    53 ||   271
       Chain mail        |       |       |     8 ||     8
Dodge: Dodged            |    66 |    60 |    30 ||   156
Block: Shield            |   106 |    81 |    57 ||   244
